 Dungeon Crawl Stone Soup version 0.32-a0-705-g60f233581c (webtiles) character file.

Game seed: 11947450338643073116

66 Fodor the Trooper (level 3, -4/33 HPs)
             Began as a Minotaur Fighter on Mar 14, 2024.
             Killed by nerve-wracking pain
             ... invoked by Grinder
              (13 damage)
             ... while paralysed by Grinder
             ... on level 3 of the Dungeon.
             The game lasted 00:04:43 (1715 turns).

Fodor the Trooper (Minotaur Fighter)                Turns: 1715, Time: 00:04:46

Health: -4/33      AC: 10    Str: 22    XL:     3   Next: 96%
Magic:  2/2        EV:  2    Int:  5    God:
Gold:   122        SH:  0    Dex:  9    Spells: 2/2 levels left

rFire   . . .        a - +0 war axe
rCold   . . .        (no shield)
rNeg    . . .        t - +0 chain mail
rPois   .            (helmet restricted)
rElec   .            (no cloak)
rCorr   .            r - +0 pair of gloves
SInv    .            (no boots)
Will    .....        (no amulet) Stlth
                     (no ring)
HPRegen 0.25/turn    (no ring)
MPRegen 0.08/turn

%: no passive effects
@: paralysed
A: horns 2, retaliatory headbutt
a: no special abilities


You were on level 3 of the Dungeon.
You visited 1 branch of the dungeon, and saw 3 of its levels.

You collected 122 gold pieces.

Inventory:

Hand Weapons
 a - a +0 war axe (weapon)
 f - a +0 arbalest
Armour
 c - a +0 buckler
 r - a +0 pair of gloves (worn)
 t - a +0 chain mail (worn)
Jewellery
 b - a ring of magical power
Talismans
 q - a dragon-blood talisman
Scrolls
 e - a scroll of amnesia {unknown}
 h - a scroll of enchant weapon {unknown}
 i - a scroll of revelation {unknown}
 k - a scroll of teleportation {unknown}
 m - 2 scrolls of noise {unknown}
 n - 3 scrolls of identify {unknown}
 s - a scroll of immolation {unknown}
Potions
 d - a potion of might
 g - 3 potions of enlightenment {unknown}
 j - a potion of attraction {unknown}
 l - 2 potions of brilliance {unknown}
 o - 2 potions of curing {unknown}
 p - a potion of lignification {unknown}


   Skills:
 + Level 4.1 Fighting
 + Level 2.5 Axes
 + Level 2.6 Ranged Weapons
 + Level 4.0 Armour
 + Level 0.2 Dodging
 + Level 4.0 Shields


You had 2 spell levels left.
You didn't know any spells.
Your spell library contained the following spells:

 Spells                   Type           Power      Damage    Failure   Level
 Kiss of Death            Conj/Necr      0%         2d5       98%         1
 Lesser Beckoning         Tloc           0%         N/A       99%         2
 Call Canine Familiar     Summ           0%         N/A       100%        3
 Confusing Touch          Hex            0%         N/A       100%        3
 Gell's Gravitas          Tloc           0%         N/A       100%        3
 Sigil of Binding         Hex            0%         N/A       100%        3
 Teleport Other           Tloc           0%         N/A       100%        3
 Dimensional Bullseye     Hex/Tloc       0%         N/A       100%        4
 Dispel Undead            Necr           0%         3d6       100%        4


Dungeon Overview and Level Annotations

Branches:
Dungeon (3/15)

Altars:
Makhleb
Nemelex Xobeh

Annotations:
D:3 Grinder


Innate Abilities, Weirdness & Mutations

You have a pair of horns on your head.
You reflexively headbutt those who attack you in melee.


Message History

Grinder is severely wounded.
Grinder hits you.
You closely miss Grinder.
Grinder is severely wounded.
Grinder hits you.
You writhe in agony.
Grinder gestures at you. You resist with significant effort.
You barely miss Grinder. Your headbutt misses Grinder.
Grinder is severely wounded.
Grinder completely misses you.
You hit Grinder but do no damage. Your headbutt misses Grinder.
Grinder is severely wounded.
Grinder gestures at you.
You suddenly lose the ability to move!
Grinder says, "Mostly I couldn't keep them alive."
Grinder gestures at you. Pain shoots through your body!
Grinder hits you but does no damage.
You can move again.
You closely miss Grinder. You headbutt Grinder, but do no damage.
Grinder is severely wounded.
Grinder hits you but does no damage. Grinder gestures at you.
Pain shoots through your body!
* * * LOW HITPOINT WARNING * * *
You completely miss Grinder. Your headbutt misses Grinder.
Grinder is severely wounded.
Grinder gestures at you.
You shrug off the repeated paralysis!
You hit Grinder.
Grinder is severely wounded.
Grinder blinks!
You completely miss Grinder.
Grinder is severely wounded.
Grinder gestures at you.
You suddenly lose the ability to move!
Grinder gestures at you. Pain shoots through your body!
You die...
Grinder says, "Hey, I wasn't done torturing you yet!"

#...##.##
##......#....
######..######
.#.............#
#<.......#
........#..#.#..
######.####.#
...##......#....
#......# #.# .#
...#...######
##.###.# #.#
.######.#.# #.# ###
#.# .# #.#.#
#.########.##ยง#
#.###
#...........@.#
##########.5........
###########


You could see Grinder.

Vanquished Creatures
  An adder (D:2)
  A dart slug (D:2)
  3 ribbon worms
  A ball python (D:3)
  5 bats
  5 endoplasms (D:2)
  A giant cockroach (D:2)
  5 goblins
  5 hobgoblins
  4 quokkas
  3 frilled lizards
  7 kobolds
  5 rats
46 creatures vanquished.

Notes
Turn   | Place    | Note
-------+----------+-------------------------------------------
     0 | D:1      | Fodor the Minotaur Fighter began the quest for the Orb.
     0 | D:1      | Reached XP level 1. HP: 19/19 MP: 0/0
   223 | D:1      | Reached XP level 2. HP: 27/27 MP: 1/1
   674 | D:2      | Reached skill level 1 in Ranged Weapons
   741 | D:2      | Reached XP level 3. HP: 33/33 MP: 2/2
  1081 | D:2      | Found a faded altar of an unknown god.
  1181 | D:3      | Found a burning altar of Makhleb.
  1392 | D:3      | Found a sparkling altar of Nemelex Xobeh.
  1699 | D:3      | Noticed Grinder
  1709 | D:3      | Paralysed by Grinder for 3 turns
  1715 | D:3      | Paralysed by Grinder for 3 turns
  1715 | D:3      | Killed from afar by Grinder

Illustrated notes

Levels and vault maps discovered:
D:1:      lightli_arrival_maybe_door_vault, layout_loops_ring
D:2:      layout_rooms, hellmonk_ecumenical_altar_heavens_door
D:3:      layout_basic, lemuel_round_altar, nemelex_xobeh_ov_fountains_minmay,
          uniq_grinder

Skill      XL: |  1  2  3 |
---------------+----------+-----
Fighting       | 4 |  4.1
Ranged Weapons | 1 2 |  2.6
Armour         | 4 |  4.0
Shields        | 4 |  4.0
Axes           | |  2.5
Dodging        | |  0.2

Action                     || total
---------------------------++-------
  Melee: War axe           ||    24
         Headbutt          ||     2
   Fire: Arbalest          ||   120
 Armour: Scale mail        ||    60
         Chain mail        ||    32
  Dodge: Dodged            ||    59
  Block: Buckler           ||     8

Table legend: (Time is in decaauts)
 A = Elapsed time spent in this place.
 B = Non-inter-level travel time spent in this place.
 C = Inter-level travel time spent in this place.
 D = Time resting spent in this place.
 E = Time spent auto-exploring this place.
 F = Levels seen in this place.
 G = Mean time per level.
                   A        B        C        D        E       F      G
               +--------+--------+--------+--------+--------+-----+--------+
         Total |   1842 |   1842 |      0 |     46 |   1274 |   3 |  614.0 |
       Dungeon |   1842 |   1842 |      0 |     46 |   1274 |   3 |  614.0 |
               +--------+--------+--------+--------+--------+-----+--------+

Top non-repeatable levels by time:
     D:1: 705 daAuts
     D:3: 572 daAuts
     D:2: 564 daAuts
